AoeStats
← Joestar

Arena

510555502Analyzed
4v4 RM · 20h ago on Oct 1, 2026· 41m 28s· 8 players
Game mode
Random Map
Map size
Large (8 player)
Population
200
Speed
Normal
Resources
Standard
Victory
Conquest
Starting age
Dark Age
Ending age
Imperial Age
RankedLock teamsTeams togetherTeam positionsShared explorationLock speedFull tech treeHidden civsTurbo modeCheats
Victory
Defeat
🇨🇳 Chinese · China
1487
+16
🇨🇳 Teutons · China
1480
+17
🇨🇳 Cumans · China
1468
+17
🇭🇰 Saracens · Hong Kong SAR China
1441
+18
🇩🇴 Persians · Dominican Republic
1526
-18
🇩🇪 Shu · Germany
1521
-18
🇺🇸 Wei · United States
1520
-18
🇵🇪 Cumans · Peru
1415
-14
丙酮酸嗦话梅
0:30 Loom
9:44 Feudal Age
13:17 Castle Age
11:18 Double-Bit Axe
12:13 Horse Collar
17:05 Stone Mining
18:15 Bow Saw
19:29 Stone Shaft Mining
19:41 Wheelbarrow
20:20 Stone Shaft Mining
20:34 Heavy Plow
20:55 Gold Mining
22:12 Gold Shaft Mining
22:54 Ballistics
25:47 Imperial Age
23:37 Fletching
24:23 Ballistics
24:23 Bodkin Arrow
25:36 Padded Archer Armor
26:38 Bracer
27:39 Chemistry
27:34 Conscription
28:11 Leather Archer Armor
28:04 Thumb Ring
30:09 Elite Chu Ko Nu
34:44 Two-Man Saw
35:15 Masonry
35:54 Capped Ram
38:41 Architecture
38:30 Siege Ram
41:50 Hand Cart
liwenbin
6:19 Loom
8:34 Feudal Age
10:11 Fletching
18:55 Double-Bit Axe
18:56 Horse Collar
25:07 Castle Age
26:15 Bow Saw
26:41 Wheelbarrow
32:55 Imperial Age
31:17 Hand Cart
30:55 Pikeman
31:51 Squires
31:37 Arson
32:26 Bodkin Arrow
33:11 Scale Mail Armor
33:59 Halberdier
35:24 Forging
37:03 Chain Mail Armor
39:34 Plate Mail Armor
39:40 Iron Casting
38:29 Capped Ram
40:21 Scale Barding Armor
40:17 Padded Archer Armor
41:06 Gold Mining
41:06 Stone Mining
41:05 Onager
The Crusades Crusader
11:01 Feudal Age
14:53 Castle Age
12:55 Double-Bit Axe
13:20 Gold Mining
14:10 Horse Collar
19:04 Bow Saw
18:41 Loom
23:11 Wheelbarrow
23:10 Stone Mining
23:46 Scale Barding Armor
24:26 Bloodlines
24:42 Forging
24:38 Heavy Plow
25:02 Husbandry
26:19 Chain Barding Armor
26:31 Town Watch
29:04 Iron Casting
29:57 Fletching
30:48 Bodkin Arrow
34:59 Gold Shaft Mining
35:13 Hand Cart
39:28 Imperial Age
37:51 Bimaristan
39:04 Padded Archer Armor
39:51 Ballistics
39:31 Elite Mameluke
40:47 Plate Barding Armor
41:04 Conscription
41:45 Blast Furnace
41:27 Fervor
41:14 Heavy Camel Rider
微变等效电路法
8:53 Feudal Age
9:40 Double-Bit Axe
13:59 Horse Collar
14:32 Loom
15:25 Wheelbarrow
19:16 Castle Age
18:45 Scale Barding Armor
18:49 Loom
20:06 Bloodlines
20:18 Chain Barding Armor
20:35 Bow Saw
20:46 Gold Mining
21:10 Forging
23:45 Heavy Plow
25:13 Iron Casting
30:48 Imperial Age
29:30 Gold Shaft Mining
29:26 Hand Cart
32:44 Light Cavalry
34:31 Plate Barding Armor
36:01 Blast Furnace
34:53 Cavalier
37:14 Paladin
RD | Telematico
9:57 Feudal Age
11:35 Loom
14:12 Castle Age
12:20 Double-Bit Axe
21:07 Bow Saw
23:10 Wheelbarrow
22:56 Gold Mining
24:52 Gold Shaft Mining
24:45 Horse Collar
28:25 Imperial Age
26:02 Heavy Plow
26:37 Hand Cart
26:22 Fletching
26:32 Padded Archer Armor
26:22 Fletching
27:39 Bodkin Arrow
27:55 Scale Barding Armor
28:01 Forging
28:35 Husbandry
28:46 Bloodlines
28:04 Cavalier
30:55 Town Watch
32:25 Two-Man Saw
31:57 Crop Rotation
33:04 Chain Barding Armor
33:28 Savar
34:45 Plate Barding Armor
35:44 Iron Casting
35:36 Town Patrol
35:30 Stone Mining
36:33 Guilds
38:24 Ballistics
42:10 Chemistry
41:59 Conscription
Chiripa605
10:56 Feudal Age
9:37 Loom
11:36 Double-Bit Axe
16:40 Castle Age
28:01 Bow Saw
28:33 Horse Collar
29:48 Heavy Plow
31:41 Wheelbarrow
32:43 Gold Mining
33:07 Stone Mining
34:17 Hand Cart
35:12 Gold Shaft Mining
34:56 Tuntian
35:49 Fletching
39:37 Imperial Age
38:01 Ballistics
37:57 Bloodlines
37:48 Husbandry
Joestar
5:28 Loom
8:19 Feudal Age
18:17 Wheelbarrow
21:14 Castle Age
19:36 Gold Mining
20:37 Forging
21:22 Scale Barding Armor
21:21 Double-Bit Axe
21:59 Bloodlines
23:54 Iron Casting
25:41 Chain Barding Armor
27:06 Bow Saw
31:23 Hand Cart
37:33 Imperial Age
36:20 Gold Shaft Mining
35:39 Horse Collar
35:56 Stone Mining
39:25 Blast Furnace
40:52 Two-Man Saw
39:55 Heavy Plow
40:03 Fletching
40:34 Ballistics
41:15 Chemistry
40:50 Bodkin Arrow
40:55 Padded Archer Armor
40:32 Heavy Cavalry Archer
41:38 Parthian Tactics
Penntuete
10:22 Feudal Age
14:07 Castle Age
12:40 Double-Bit Axe
12:52 Horse Collar
15:10 Bow Saw
19:19 Wheelbarrow
20:23 Heavy Plow
23:26 Gold Mining
27:06 Imperial Age
24:49 Fletching
25:35 Ballistics
26:10 Gold Shaft Mining
25:26 Stone Mining
25:47 Bodkin Arrow
25:14 Crossbowman
26:18 Padded Archer Armor
26:53 Thumb Ring
27:39 Leather Archer Armor
28:10 Bolt Magazine
29:14 Chemistry
28:36 Bracer
28:25 Arbalester
37:46 Ring Archer Armor
Connection lost

Rejoining the realm…

Still unreachable

The connection could not be restored.

Session expired

The server has moved on; the page needs a fresh start.